 Dungeon Crawl Stone Soup version 0.26-a0-28-gc929df5585 (webtiles) character file.

Game seed: 5974320859427874060, levelgen mode: deterministic

49 MordorOrchid the Magician (level 3, 0/42 HPs)
             Began as a Gnoll Wanderer on May 28, 2020.
             Succumbed to a goblin's poison
             ... on level 2 of the Dungeon.
             The game lasted 00:05:46 (718 turns).

MordorOrchid the Magician (Gnoll Wanderer)           Turns: 718, Time: 00:05:46

Health: 0/42       AC: 21    Str: 13    XL:     3   Next: 75%
Magic:  9/9        EV:  2    Int: 15    God:
Gold:   52         SH:  0    Dex: 15    Spells: 11/12 levels left

rFire    . . .     SeeInvis .   j - +0 hunting sling
rCold    . . .     Gourm    .   (no shield)
rNeg     + + +     Faith    .   (armour currently unavailable)
rPois    +         Spirit   .   (helmet currently unavailable)
rElec    .         Reflect  .   (cloak currently unavailable)
rCorr    .         Harm     .   (gloves currently unavailable)
MR       .....     NoTele   +   (boots currently unavailable)
Stlth    ++........             (no amulet)
HPRegen  0.14/turn              (no ring)
MPRegen  0.11/turn              (no ring)

@: mighty, brilliant, lethally poisoned (0 -> -1), tree-form, hasted, very quick
A: distributed training, strong nose
a: no special abilities


You were on level 2 of the Dungeon.
You were not hungry.
You were a tree.
You visited 1 branch of the dungeon, and saw 2 of its levels.

You collected 52 gold pieces.

Inventory:

Hand Weapons
 a - a +0 dagger
 j - a +0 hunting sling (weapon)
 k - a +1 dagger of venom
Missiles
 b - 20 bolts
 g - 17 stones (quivered)
 m - 45 arrows
Armour
 d - a +2 scale mail (melded)
Scrolls
 c - a scroll of amnesia
 i - a scroll of noise {unknown}
 n - a scroll of magic mapping {unknown}
 q - a scroll of blinking {unknown}
Potions
 e - a potion of might
Comestibles
 f - a ration
 h - 2 chunks of flesh


   Skills:
 + Level 2.6 Fighting
 + Level 0.9 Short Blades
 + Level 0.9 Long Blades
 + Level 0.9 Axes
 + Level 0.9 Maces & Flails
 + Level 0.9 Polearms
 + Level 0.9 Staves
 + Level 0.9 Slings
 + Level 0.9 Bows
 + Level 0.9 Crossbows
 + Level 2.6 Throwing
 + Level 4.5 Armour
 + Level 0.9 Dodging
 + Level 2.4 Stealth
 + Level 0.9 Shields
 + Level 0.9 Unarmed Combat
 + Level 5.0 Spellcasting
 + Level 0.6 Conjurations
 + Level 0.6 Hexes
 + Level 0.6 Charms
 + Level 2.1 Summonings
 + Level 0.6 Necromancy
 + Level 0.6 Translocations
 + Level 0.6 Transmutations
 + Level 0.6 Fire Magic
 + Level 0.6 Ice Magic
 + Level 0.6 Air Magic
 + Level 0.6 Earth Magic
 + Level 3.8 Poison Magic
 + Level 1.0 Invocations
 + Level 0.9 Evocations


You had 11 spell levels left.
You knew the following spells:

 Your Spells              Type           Power        Failure   Level  Hunger
a - Summon Butterflies    Summ           ###.....     7%          1    None

Your spell library contained the following spells:

 Spells                   Type           Power        Failure   Level  Hunger
 Shroud of Golubria       Chrm/Tloc      #.....       19%         2    None
 Swiftness                Chrm/Air       #.......     19%         2    None
 Recall                   Summ/Tloc      N/A          28%         3    None


Dungeon Overview and Level Annotations

Branches:
Dungeon (2/15)

Altars:


Innate Abilities, Weirdness & Mutations

Your experience applies equally to all skills.
((You have very sharp teeth.))
Your uncanny sense of smell can sniff out nearby items.


Message History

* * * LOW HITPOINT WARNING * * *
You feel sick.
You swing at nothing.
You swing at nothing.
You swing at nothing.
* * * LOW HITPOINT WARNING * * *
You feel sick.
Okay, then.
You swing at nothing.
You swing at nothing.
You swing at nothing.
You swing at nothing.
* * * LOW HITPOINT WARNING * * *
You feel sick.
You swing at nothing.
You swing at nothing.
Some of the chunks of flesh in your inventory have rotted away.
You swing at nothing.
You swing at nothing.
You die...

∆ ∆ #. #.### #.#..
##### ##.... ...
....##########.#
####..#........#♣#
......#.######.#.#
## #........#.#.# .
#......#.#...#
#.#..###.#.#####
.##.#).#.......†.#
.......#...#.###.#
###.#.######.#.÷.##
#.#............<#


There were no monsters in sight!

Vanquished Creatures
  An ooze (D:1)
  A worm (D:2)
  2 dart slugs (D:1)
  2 ball pythons
  3 bats (D:1)
  6 goblins
  6 hobgoblins (D:1)
  2 jackals (D:1)
  3 frilled lizards
  2 kobolds (D:1)
  9 rats
37 creatures vanquished.

Notes
Turn   | Place    | Note
-------+----------+-------------------------------------------
     0 | D:1      | MordorOrchid the Gnoll Wanderer began the quest for the
                  | Orb.
     0 | D:1      | MordorOrchid set off with the following items: a +0 dagger,
                  | a +2 scale mail, a ration; and the following spell
                  | memorised: Summon Butterflies; and the following spells
                  | available to memorise: Shroud of Golubria, Swiftness,
                  | Recall
     0 | D:1      | Reached XP level 1. HP: 17/17 MP: 6/6
    85 | D:1      | Reached XP level 2. HP: 16/23 MP: 7/7
   353 | D:1      | Reached XP level 3. HP: 14/28 MP: 9/9
   370 | D:1      | Reached skill level 5 in Spellcasting
   590 | D:1      | Reached skill level 1 in Invocations
   704 | D:2      | HP: 2/42 [poisoned by a goblin]
   710 | D:2      | HP: 1/42 [poisoned by a goblin]
   718 | D:2      | Succumbed to a goblin's poison

Illustrated notes

Levels and vault maps discovered:
D:1:      beargit_arrival_greenhouse, layout_rooms, minmay_pentomino_u2
D:2:      layout_basic, grunt_temple_overflow_forces_of_nature,
          nicolae_gozag_cash_rules_everything_around_me

Skill      XL: |  1  2  3 |
---------------+----------+-----
Summonings     | 2 |  2.1
Spellcasting   | 5 |  5.0
Invocations    | 1 |  1.0
Fighting       | |  2.6
Short Blades   | |  0.9
Long Blades    | |  0.9
Axes           | |  0.9
Maces & Flails | |  0.9
Polearms       | |  0.9
Staves         | |  0.9
Slings         | |  0.9
Bows           | |  0.9
Crossbows      | |  0.9
Throwing       | |  2.6
Armour         | |  4.5
Dodging        | |  0.9
Stealth        | |  2.4
Shields        | |  0.9
Unarmed Combat | |  0.9
Conjurations   | |  0.6
Hexes          | |  0.6
Charms         | |  0.6
Necromancy     | |  0.6
Translocations | |  0.6
Transmutations | |  0.6
Fire Magic     | |  0.6
Ice Magic      | |  0.6
Air Magic      | |  0.6
Earth Magic    | |  0.6
Poison Magic   | |  3.8
Evocations     | |  0.9

Action                   || total
-------------------------++-------
Melee: Dagger            ||   208
       Bite              ||    22
       Punch             ||     2
Throw: Stone             ||    14
  Use: Potion            ||     5
       Scroll            ||     1
Armor: Scale mail        ||    98
Dodge: Dodged            ||    89

Table legend:
 A = Non-vault XP
 B = Vault XP
 C = Vault XP percentage of total XP
 D = Non-vault monster count
 E = Vault monster count
 F = Vault count percentage of total count
                 A         B        C        D         E       F
            +---------+---------+-------+---------+---------+-------
      Total |      68 |       2 |   2.9 |      35 |       2 |   5.4
            +---------+---------+-------+---------+---------+-------
        D:1 |      55 |       2 |   3.5 |      28 |       2 |   6.7
        D:2 |      13 |       0 |   0.0 |       7 |       0 |   0.0
            +---------+---------+-------+---------+---------+-------
